% Time on Ice - LAS VEGAS LIZARD KINGS
Lines # - Real PCT - Wanted PCT - Time Play
Normal Forward
1 - 38% - 38% - 17:26
2 - 29% - 32% - 13:35
3 - 23% - 22% - 10:34
4 - 11% - 8% - 4:54
Normal Defense
1 - 40% - 45% - 18:29
2 - 33% - 35% - 15:15
3 - 27% - 20% - 12:45
4 - 0% - 0% - 0:00
PP Forward
1 - 64% - 75% - 6:08
2 - 36% - 25% - 3:25
PP Defense
1 - 64% - 75% - 6:07
2 - 36% - 25% - 3:26
PK Forward
1 - 100% - 70% - 3:58
2 - 0% - 30% - 0:00
PK Defense
1 - 54% - 55% - 2:08
2 - 46% - 45% - 1:50
PK3 Forward
1 - 0% - 55%
2 - 0% - 45%
PK3 Defense
1 - 0% - 55%
2 - 0% - 45%
44 Forward
1 - 0% - 55%
2 - 0% - 45%
44 Defense
1 - 0% - 55%
2 - 0% - 45%
Last Minute Offensive  - 0:00
Last Minute Defensive  - 0:00
Total
Forward - 60:00
Defense - 60:00
% Time on Ice - SALEM BLACK JAYS
Lines # - Real PCT - Wanted PCT - Time Play
Normal Forward
1 - 38% - 36% - 17:28
2 - 30% - 31% - 14:09
3 - 21% - 23% - 9:59
4 - 11% - 10% - 4:53
Normal Defense
1 - 38% - 36% - 17:30
2 - 33% - 31% - 15:12
3 - 26% - 23% - 12:03
4 - 4% - 10% - 1:44
PP Forward
1 - 49% - 55% - 1:57
2 - 51% - 45% - 2:01
PP Defense
1 - 59% - 55% - 2:20
2 - 41% - 45% - 1:38
PK Forward
1 - 74% - 55% - 7:03
2 - 26% - 45% - 2:30
PK Defense
1 - 51% - 55% - 4:54
2 - 49% - 45% - 4:39
PK3 Forward
1 - 0% - 55%
2 - 0% - 45%
PK3 Defense
1 - 0% - 55%
2 - 0% - 45%
44 Forward
1 - 0% - 55%
2 - 0% - 45%
44 Defense
1 - 0% - 55%
2 - 0% - 45%
Last Minute Offensive  - 0:00
Last Minute Defensive  - 0:00
Total
Forward - 60:00
Defense - 60:00
Play-by-Play 1st period 0:01 of 1st period - Ryan Nugent-Hopkins wins face-off versus Mathew Barzal in neutral zone. 0:04 of 1st period - Shot by Johnny Gaudreau. 0:04 of 1st period - The goal is going for a video replay. 0:04 of 1st period - The goal is good. 0:04 of 1st period - Goal by Johnny Gaudreau - LAS VEGAS LIZARD KINGS : 1 - SALEM BLACK JAYS : 0. 0:05 of 1st period - Sean Monahan wins face-off versus Dylan Larkin in neutral zone. 0:39 of 1st period - Shot by Dylan Larkin. 0:39 of 1st period - Stopped by Marc-Andre Fleury without a rebound. 0:40 of 1st period - Ryan Nugent-Hopkins wins face-off versus Mitchell Marner in LAS VEGAS LIZARD KINGS zone. 1:34 of 1st period - Icing by Brayden McNabb. 1:35 of 1st period - Ryan Nugent-Hopkins wins face-off versus Casey Cizikas in LAS VEGAS LIZARD KINGS zone. 2:57 of 1st period - Shot by Par Lindholm. 2:57 of 1st period - Shot Misses the Net. 2:59 of 1st period - Shot by Cody Ceci. 2:59 of 1st period - Shot Blocked by John Marino. 3:01 of 1st period - Shot by Matthew Highmore. 3:01 of 1st period - Shot Misses the Net. 3:14 of 1st period - Minor Penalty to Scott Mayfield for Hooking. 3:15 of 1st period - Casey Cizikas wins face-off versus Sean Monahan in SALEM BLACK JAYS zone. 3:35 of 1st period - Shot by John Marino. 3:35 of 1st period - Shot Blocked by Casey Cizikas. 3:37 of 1st period - Shot by Ryan Nugent-Hopkins. 3:37 of 1st period - Shot Hit the Post. 3:39 of 1st period - Shot by John Marino. 3:39 of 1st period - Shot Misses the Net. 4:18 of 1st period - Shot by Nino Niederreiter. 4:18 of 1st period - Shot Misses the Net. 4:20 of 1st period - Shot by Barclay Goodrow. 4:20 of 1st period - Deflect By Jeff Skinner. 4:20 of 1st period - Stopped by Elvis Merzlikins with a rebound. 4:22 of 1st period - Shot by Matt Roy. 4:22 of 1st period - Stopped by Elvis Merzlikins without a rebound. 4:23 of 1st period - Sean Monahan wins face-off versus Filip Chytil in SALEM BLACK JAYS zone. 4:30 of 1st period - Shot by Victor Olofsson. 4:30 of 1st period - Shot Blocked by Jason Demers. 5:35 of 1st period - Mitchell Marner is hit by Matt Roy and loses puck. 6:51 of 1st period - Icing by Mikko Rantanen. 6:52 of 1st period - Ryan Nugent-Hopkins wins face-off versus Dylan Larkin in SALEM BLACK JAYS zone. 6:53 of 1st period - Shot by Johnny Gaudreau. 6:53 of 1st period - Stopped by Elvis Merzlikins without a rebound. 6:54 of 1st period - Ryan Nugent-Hopkins wins face-off versus Casey Cizikas in SALEM BLACK JAYS zone. 7:06 of 1st period - Shot by Martin Necas. 7:06 of 1st period - Shot Blocked by Brayden McNabb. 7:12 of 1st period - Shot by Casey Cizikas. 7:12 of 1st period - Stopped by Marc-Andre Fleury without a rebound. 7:13 of 1st period - Sean Monahan wins face-off versus Dylan Larkin in LAS VEGAS LIZARD KINGS zone. 7:13 of 1st period - Sean Monahan is hit by Dylan Larkin. 7:29 of 1st period - Dylan Larkin is hit by Nino Niederreiter and loses puck. 8:57 of 1st period - Shot by Josh Leivo. 8:57 of 1st period - Stopped by Marc-Andre Fleury without a rebound. 8:58 of 1st period - Derek Ryan wins face-off versus Filip Chytil in LAS VEGAS LIZARD KINGS zone. 8:58 of 1st period - Derek Ryan is hit by Matthew Highmore. 9:14 of 1st period - Shot by Filip Chytil. 9:14 of 1st period - Stopped by Marc-Andre Fleury without a rebound. 9:15 of 1st period - Mathew Barzal wins face-off versus Zemgus Girgensons in LAS VEGAS LIZARD KINGS zone. 9:31 of 1st period - Icing by Drake Caggiula. 9:32 of 1st period - Dylan Larkin wins face-off versus Zemgus Girgensons in LAS VEGAS LIZARD KINGS zone. 9:33 of 1st period - Shot by Mikko Rantanen. 9:33 of 1st period - Stopped by Marc-Andre Fleury with a rebound. 9:38 of 1st period - Drake Caggiula is hit by Travis Dermott and loses puck. 10:05 of 1st period - Minor Penalty to Dylan Larkin for Tripping. 10:06 of 1st period - Sean Monahan wins face-off versus Casey Cizikas in SALEM BLACK JAYS zone. 10:50 of 1st period - Icing by Ryan Nugent-Hopkins. 10:51 of 1st period - Casey Cizikas wins face-off versus Sean Monahan in LAS VEGAS LIZARD KINGS zone. 10:52 of 1st period - Shot by Matthew Highmore. 10:52 of 1st period - Stopped by Marc-Andre Fleury without a rebound. 10:53 of 1st period - Casey Cizikas wins face-off versus Barclay Goodrow in LAS VEGAS LIZARD KINGS zone. 10:56 of 1st period - Shot by Matthew Highmore. 10:56 of 1st period - Shot Blocked by Olli Maatta. 11:06 of 1st period - Shot by Barclay Goodrow. 11:06 of 1st period - Shot Blocked by Casey Cizikas. 11:23 of 1st period - Off-side. 11:24 of 1st period - Sean Monahan wins face-off versus Filip Chytil in neutral zone. 11:29 of 1st period - Shot by Ryan Nugent-Hopkins. 11:29 of 1st period - Shot Misses the Net. 11:49 of 1st period - Shot by Ryan Nugent-Hopkins. 11:49 of 1st period - Shot Blocked by Jason Demers. 11:59 of 1st period - Shot by Ryan Nugent-Hopkins. 11:59 of 1st period - Shot Misses the Net. 12:05 of 1st period - Shot by Ryan Nugent-Hopkins. 12:05 of 1st period - Deflect By Derek Ryan. 12:05 of 1st period - Stopped by Elvis Merzlikins without a rebound. 12:06 of 1st period - Derek Ryan wins face-off versus Mathew Barzal in SALEM BLACK JAYS zone. 12:07 of 1st period - Shot by Barclay Goodrow. 12:07 of 1st period - Shot Blocked by Mitchell Marner. 12:11 of 1st period - Shot by Derek Ryan. 12:11 of 1st period - Stopped by Elvis Merzlikins without a rebound. 12:12 of 1st period - Josh Leivo wins face-off versus Derek Ryan in SALEM BLACK JAYS zone. 12:23 of 1st period - Shot by Mathew Barzal. 12:23 of 1st period - Stopped by Marc-Andre Fleury without a rebound. 12:24 of 1st period - Mikko Rantanen wins face-off versus Ryan Nugent-Hopkins in LAS VEGAS LIZARD KINGS zone. 12:33 of 1st period - Shot by Mikko Rantanen. 12:33 of 1st period - Stopped by Marc-Andre Fleury without a rebound. 12:34 of 1st period - Ryan Nugent-Hopkins wins face-off versus Mathew Barzal in LAS VEGAS LIZARD KINGS zone. 12:49 of 1st period - Ryan Nugent-Hopkins is hit by Mathew Barzal and loses puck. 13:37 of 1st period - Shot by Matthew Calvert. 13:37 of 1st period - Stopped by Marc-Andre Fleury without a rebound. 13:38 of 1st period - Sean Monahan wins face-off versus Casey Cizikas in LAS VEGAS LIZARD KINGS zone. 13:43 of 1st period - Brayden McNabb is hit by Casey Cizikas and loses puck. 14:00 of 1st period - Shot by Andreas Athanasiou. 14:00 of 1st period - Stopped by Marc-Andre Fleury without a rebound. 14:01 of 1st period - Derek Ryan wins face-off versus Dylan Larkin in LAS VEGAS LIZARD KINGS zone. 14:01 of 1st period - Bobby Ryan is hit by Matthew Calvert. 14:14 of 1st period - Bobby Ryan is hit by Cody Ceci and loses puck. 14:58 of 1st period - Shot by Johnny Gaudreau. 14:58 of 1st period - Deflect By Victor Olofsson. 14:58 of 1st period - Stopped by Elvis Merzlikins with a rebound. 15:07 of 1st period - Ryan Nugent-Hopkins is hit by Jason Demers and loses puck. 15:12 of 1st period - Shot by Ryan Nugent-Hopkins. 15:12 of 1st period - Stopped by Elvis Merzlikins without a rebound. 15:13 of 1st period - Sean Monahan wins face-off versus Mathew Barzal in SALEM BLACK JAYS zone. 15:18 of 1st period - Shot by Sean Monahan. 15:18 of 1st period - Stopped by Elvis Merzlikins without a rebound. 15:19 of 1st period - Sean Monahan wins face-off versus Mitchell Marner in SALEM BLACK JAYS zone. 15:46 of 1st period - Shot by Nino Niederreiter. 15:46 of 1st period - Stopped by Elvis Merzlikins with a rebound. 16:42 of 1st period - Shot by Andreas Athanasiou. 16:42 of 1st period - Shot Misses the Net. 16:44 of 1st period - Shot by Andreas Athanasiou. 16:44 of 1st period - Shot Misses the Net. 16:57 of 1st period - Icing by John Marino. 16:58 of 1st period - Sean Monahan wins face-off versus Dylan Larkin in LAS VEGAS LIZARD KINGS zone. 17:15 of 1st period - Shot by Dylan Larkin. 17:15 of 1st period - Shot Misses the Net. 17:17 of 1st period - Shot by Dylan Larkin. 17:17 of 1st period - Stopped by Marc-Andre Fleury with a rebound. 17:19 of 1st period - Shot by Matthew Calvert. 17:19 of 1st period - Shot Misses the Net. 17:24 of 1st period - Icing by Brayden McNabb. 17:25 of 1st period - Mathew Barzal wins face-off versus Ryan Nugent-Hopkins in LAS VEGAS LIZARD KINGS zone. 19:45 of 1st period - Shot by Mikko Rantanen. 19:45 of 1st period - Shot Blocked by Brayden McNabb. 19:47 of 1st period - Shot by Dylan Larkin. 19:47 of 1st period - Stopped by Marc-Andre Fleury without a rebound. 19:48 of 1st period - Filip Chytil wins face-off versus Ryan Nugent-Hopkins in LAS VEGAS LIZARD KINGS zone. 19:52 of 1st period - Icing by John Marino. 19:53 of 1st period - Filip Chytil wins face-off versus Ryan Nugent-Hopkins in LAS VEGAS LIZARD KINGS zone. 19:54 of 1st period - Shot by Matthew Highmore. 19:54 of 1st period - Shot Misses the Net. Goals for this period are 1 for LAS VEGAS LIZARD KINGS vs 0 for SALEM BLACK JAYS. Shots for this period are 10 for LAS VEGAS LIZARD KINGS vs 12 for SALEM BLACK JAYS. 2nd period 0:01 of 2nd period - Mathew Barzal wins face-off versus Ryan Nugent-Hopkins in neutral zone. 0:20 of 2nd period - Shot by Mathew Barzal. 0:20 of 2nd period - Deflect By Mitchell Marner. 0:20 of 2nd period - Stopped by Marc-Andre Fleury with a rebound. 0:41 of 2nd period - Shot by Johnny Gaudreau. 0:41 of 2nd period - Shot Misses the Net. 0:43 of 2nd period - Shot by Brayden McNabb. 0:43 of 2nd period - Stopped by Elvis Merzlikins without a rebound. 0:44 of 2nd period - Sean Monahan wins face-off versus Matthew Calvert in SALEM BLACK JAYS zone. 1:29 of 2nd period - Off-side. 1:30 of 2nd period - Casey Cizikas wins face-off versus Ryan Nugent-Hopkins in neutral zone. 1:52 of 2nd period - Icing by Brayden McNabb. 1:53 of 2nd period - Ryan Nugent-Hopkins wins face-off versus Mathew Barzal in LAS VEGAS LIZARD KINGS zone. 2:13 of 2nd period - Minor Penalty to Ryan Nugent-Hopkins for Tripping. 2:14 of 2nd period - Barclay Goodrow wins face-off versus Mathew Barzal in LAS VEGAS LIZARD KINGS zone. 2:24 of 2nd period - Mikko Rantanen is hit by Brayden McNabb and loses puck. 2:43 of 2nd period - Barclay Goodrow is hit by Matthew Calvert and loses puck. 3:41 of 2nd period - Mirco Mueller is hit by Mitchell Marner and loses puck. 4:05 of 2nd period - Off-side. 4:06 of 2nd period - Barclay Goodrow wins face-off versus Mathew Barzal in neutral zone. 5:35 of 2nd period - Shot by Sean Monahan. 5:35 of 2nd period - Stopped by Elvis Merzlikins without a rebound. 5:36 of 2nd period - Mitchell Marner wins face-off versus Zemgus Girgensons in SALEM BLACK JAYS zone. 5:36 of 2nd period - Mathew Barzal is hit by Drake Caggiula and loses puck. 6:22 of 2nd period - Icing by Scott Mayfield. 6:23 of 2nd period - Mathew Barzal wins face-off versus Sean Monahan in SALEM BLACK JAYS zone. 6:35 of 2nd period - Shot by Sean Monahan. 6:35 of 2nd period - Shot Blocked by Scott Mayfield. 6:56 of 2nd period - Shot by Mikko Rantanen. 6:56 of 2nd period - Stopped by Marc-Andre Fleury without a rebound. 6:57 of 2nd period - Casey Cizikas wins face-off versus Ryan Nugent-Hopkins in LAS VEGAS LIZARD KINGS zone. 6:57 of 2nd period - Casey Cizikas is hit by Olli Maatta. 6:58 of 2nd period - Casey Cizikas from SALEM BLACK JAYS is injured at 6:58 of 2nd period (Sprained Right Ankle). 6:59 of 2nd period - Ryan Nugent-Hopkins wins face-off versus Dylan Larkin in LAS VEGAS LIZARD KINGS zone. 6:59 of 2nd period - Ryan Nugent-Hopkins is hit by Matthew Calvert. 7:00 of 2nd period - Minor Penalty to Matthew Calvert for High sticking. 7:01 of 2nd period - Dylan Larkin wins face-off versus Ryan Nugent-Hopk